 Dungeon Crawl Stone Soup version 0.29.1-15-g9cfb28693d (webtiles) character file.

Game seed: 10608131828951998123

62856 Artool the Warrior (level 14, -9/110 HPs)
             Began as a Demonspawn Gladiator on Apr 3, 2023.
             Was a High Priest of Hepliaklqana.
             Killed by divine providence
             ... invoked by an orc high priest
              (13 damage)
             ... on level 2 of the Orcish Mines.
             The game lasted 01:29:18 (23240 turns).

Artool the Warrior (Demonspawn Gladiator)          Turns: 23240, Time: 01:29:19

Health: -9/110     AC: 26    Str: 21    XL:     14   Next: 65%
Magic:  0/14       EV: 25    Int: 12    God:    Hepliaklqana [*****.]
Gold:   1713       SH:  0    Dex: 16    Spells: 13/13 levels left

rFire   . . .      SeeInvis .   E - +5 war axe "Burchol" {venom, rC+ Will+ Int-3 Stlth+}
rCold   + . .      Faith    .   (no shield)
rNeg    . . .      Spirit   +   L - +6 chain mail "Tesodiz" {rPois Will- Slay+3 Stlth+}
rPois   +          Reflect  .   (helmet restricted)
rElec   .          Harm     .   j - +1 cloak
rCorr   .          Rampage  .   n - +0 pair of gloves
Will    +....                   f - +0 pair of boots
Stlth   ..........              r - amulet of the acrobat
HPRegen 0.28/turn               t - ring of flight
MPRegen 0.28/turn               C - +6 ring of intelligence

@: acrobatic, flying, studying Stealth
A: reduced essence, horns 2, spiny 2, magic shield, magic regeneration, sharp
scales 2, strong 1
a: Renounce Religion, Recall Ancestor, Ancestor Identity, Transference, Idealise


You were on level 2 of the Orcish Mines.
You worshipped Hepliaklqana.
Hepliaklqana was extremely pleased with you.
You visited 5 branches of the dungeon, and saw 20 of its levels.
You also visited: Sewer.

You collected 1713 gold pieces.

Inventory:

Hand Weapons
 a - a +2 whip of freezing
 E - the +5 war axe "Burchol" (weapon) {venom, rC+ Will+ Int-3 Stlth+}
   (You found it on level 4 of the Lair of Beasts)

   It poisons the flesh of those it strikes.
   Int:       It affects your intelligence (-3).
   rC:        It protects you from cold.
   Will:      It increases your willpower.
   Stlth:     It makes you more stealthy.
Missiles
 m - 3 throwing nets
 y - 11 boomerangs
 z - 13 poisoned darts (quivered)
Armour
 f - a +0 pair of boots (worn)
 j - a +1 cloak (worn)
 n - a +0 pair of gloves (worn)
 u - the +7 ring mail "Waewoyla" {rPois SInv}
   (You found it on level 2 of the Dungeon)

   rPois:     It protects you from poison.
   SInv:      It lets you see invisible.
 L - the +6 chain mail "Tesodiz" (worn) {rPois Will- Slay+3 Stlth+}
   (You found it on level 5 of the Lair of Beasts)

   Slay:      It affects your accuracy & damage with ranged weapons and melee
   (+3).
   rPois:     It protects you from poison.
   Will:      It decreases your willpower.
   Stlth:     It makes you more stealthy.
Jewellery
 r - an amulet of the acrobat (around neck)
 t - a ring of flight (left hand)
 C - a +6 ring of intelligence (right hand)
Wands
 w - a wand of roots (14)
Scrolls
 b - 4 scrolls of blinking
 l - 8 scrolls of identify
 p - 10 scrolls of teleportation
 v - a scroll of magic mapping
 J - 3 scrolls of fear
Potions
 c - a potion of lignification
 d - 2 potions of haste
 g - 4 potions of berserk rage
 o - 3 potions of cancellation
 B - 5 potions of curing


   Skills:
 + Level 15.0 Fighting
 + Level 14.0 Maces & Flails
 - Level 1.7 Throwing
 + Level 13.9 Armour
 - Level 5.0 Dodging


You had 13 spell levels left.
You didn't know any spells.
Your spell library contained the following spells:

 Spells                   Type           Power      Damage    Failure   Level
 Foxfire                  Conj/Fire      0%         2x1d4     87%         1
 Summon Small Mammal      Summ           0%         N/A       87%         1
 Blink                    Tloc           0%         N/A       95%         2
 Ensorcelled Hibernation  Hex/Ice        0%         N/A       95%         2
 Call Canine Familiar     Summ           0%         N/A       99%         3
 Conjure Flame            Conj/Fire      0%         6-21      99%         3
 Ignite Poison            Fire/Tmut/Pois 0%         N/A       99%         3
 Inner Flame              Hex/Fire       0%         N/A       99%         3
 Mephitic Cloud           Conj/Pois/Air  0%         N/A       99%         3
 Portal Projectile        Hex/Tloc       0%         N/A       99%         3
 Spider Form              Tmut/Pois      0%         N/A       99%         3
 Summon Guardian Golem    Hex/Summ       0%         N/A       99%         3
 Anguish                  Hex/Necr       0%         N/A       100%        4
 Animate Armour           Summ/Erth      0%         N/A       100%        4
 Flame Wave               Conj/Fire      0%         2d4       100%        4
 Leda's Liquefaction      Hex/Erth       0%         N/A       100%        4
 Summon Ice Beast         Ice/Summ       0%         N/A       100%        4
 Blade Hands              Tmut           0%         N/A       100%        5
 Freezing Cloud           Conj/Ice/Air   0%         6-21      100%        5
 Lee's Rapid Deconstruct  Erth           0%         3d5*      100%        5
 Manifold Assault         Tloc           0%         N/A       100%        5
 Summon Mana Viper        Hex/Summ       0%         N/A       100%        5
 Iron Shot                Conj/Erth      0%         9d1       100%        6
 Statue Form              Tmut/Erth      0%         N/A       100%        6
 Monstrous Menagerie      Summ           0%         N/A       100%        7
 Storm Form               Tmut/Air       0%         N/A       100%        7


Dungeon Overview and Level Annotations

Branches:
Dungeon (11/15)            Temple (1/1) D:7            Lair (5/5) D:10
  Swamp (0/4) Lair:2       Spider (1/4) Lair:3        Slime (0/5) Lair:4
    Orc (2/2) D:10            Elf (0/3) Orc:2         Sewer (visited)

Altars:
Ashenzari
Cheibriados
Dithmenos
Fedhas
Gozag
Hepliaklqana
Kikubaaqudgha
Makhleb
Nemelex Xobeh
Okawaru
Qazlal
Ru
Sif Muna
Trog
Uskayaw
Vehumet
Wu Jian
Xom
Yredelemnul

Shops:
D:6 :   D:8 *

Annotations:
D:5 Eustachio
D:8 3 runed translucent doors, dvd2's ghost, novice HuBe


Innate Abilities, Weirdness & Mutations

Your life essence is reduced to manifest your ancestor. (-10% HP)
You have a pair of horns on your head.
You are mostly covered in sharp spines.
When hurt, damage is shared between your health and your magic reserves.
You regenerate magic rapidly.
You are mostly covered in razor-sharp scales. (AC +2, Slay +2)
Your muscles are strong. (Str +4, Int/Dex -1)


Message History

Zosia drains the orc high priest.
You slash the orc sorcerer!
The orc sorcerer looks as sick as possible!
The orc sorcerer is almost dead.
You slice the orc sorcerer!! You slash the sun demon!
The sun demon hits you but does no damage.
Zosia gestures at the orc high priest while chanting.
The orc high priest easily resists.
The orc high priest hits Zosia with a +0 scimitar.
An orc wizard comes into view. It is wielding a +0 dagger.
The orc sorcerer is struck by your spines.
The orc sorcerer barely misses you.
The orc sorcerer is struck by your spines.
You kill the orc sorcerer!
The neqoxec hits Zosia but does no damage.
The sun demon closely misses you.
You closely miss the orc sorcerer.
The orc sorcerer is almost dead.
You barely miss the sun demon. You hit the chaos spawn.
The chaos spawn is poisoned.
Zosia gestures at the neqoxec while chanting.
The neqoxec resists with some effort.
The orc high priest hits Zosia with a +0 scimitar!
The orc sorcerer is struck by your spines.
You kill the orc sorcerer!
The sun demon hits you!
You are engulfed in flames!
* * * LOW HITPOINT WARNING * * *
The neqoxec hits Zosia but does no damage.
The chaos spawn is struck by your spines.
The chaos spawn barely misses you.
Your life force feels restored.
The sun demon attacks as you move away! The sun demon is struck by your spines.
The sun demon hits you!
* * * LOW HITPOINT WARNING * * *
You are engulfed in flames!!
* * * LOW HITPOINT WARNING * * *
Zosia misses the orc high priest.
The orc high priest mumbles some strange prayers to Beogh against you.
Beogh smites you!
You die...

#### .... ###.## ....
##.... ..# #.... ...#
.#..### ########...###
.#....### #.#..@).......
........####.#....)......
.........#......43Ro.o...
......#....)......o3.....
..##.......[.).........o.
...#..##.[)[))...........
......###)#).............
.......#.###.#...........
......#.).##.#...........


You could see the friendly Zosia the hexer, an orc high priest (drained, ally
target), a sun demon (summoned, very poisoned), a neqoxec (summoned), a chaos
spawn (summoned, very poisoned), an orc warrior, an orc wizard and an orc.

Vanquished Creatures
  2 orc warlords
  A boulder beetle (Lair:5)
  5 hydras
  A centaur warrior (D:9)
  2 two-headed ogres
  A catoblepas (Lair:5)
  2 death yaks (Lair:5)
  4 orc high priests
  A skeletal warrior (D:11)
  A bog body (Lair:2)
  4 orc knights
  Pikel (D:6)
  A lindwurm (Lair:5)
  5 orc sorcerers
  A wolf spider (Lair:1)
  A manticore (Lair:5)
  6 black mambas
  14 elephants
  A cyclops (Orc:1)
  A gargoyle (D:10)
  Maggie (D:6)
  A torpor snail (Lair:3)
  7 cane toads
  2 rime drakes (Lair:5)
  An unseen horror (D:11)
  5 komodo dragons
  3 trolls
  Grinder (D:6)
  2 hornets
  3 polar bears
  Prince Ribbit (D:9)
  5 dream sheep (Lair:5)
  3 blink frogs (Lair:5)
  2 jumping spiders (Lair:3)
  3 shadows
  10 yaks
  4 wyverns
  2 vampires (D:10)
  2 basilisks
  2 steam dragons
  2 vampire mosquitoes (D:10)
  A warg (Orc:1)
  An acid dragon (Lair:5)
  13 water moccasins
  An ice beast (D:7)
  9 ogres
  2 sky beasts (D:6)
  A swamp drake (Lair:5)
  A black bear (D:5)
  25 orc warriors
  24 wolves
  A phantom (D:7)
  2 kobold brigands
  13 bullfrogs
  A necrophage (D:7)
  6 scorpions
  16 wights
  12 killer bees
  5 howler monkeys
  4 electric eels (D:10)
  10 hounds
  2 jellies
  16 orc priests
  A gnoll bouda (D:6)
  2 hexers
  5 iguanas (Lair:5)
  22 orc wizards
  Robin (D:2)
  5 gnolls
  11 adders
  3 river rats (D:4)
  3 shadow imps
  A white imp (D:7)
  An ufetubus (D:6)
  2 dart slugs
  3 worms
  75 orcs
  12 endoplasms
  12 giant cockroaches
  8 goblins
  10 hobgoblins
  2 jackals (D:2)
  15 kobolds
  12 quokkas
  12 ball pythons
  7 bats
  4 frilled lizards (Sewer)
  3 rats
515 creatures vanquished.

Vanquished Creatures (collateral kills)
  A dire elephant (Lair:5)
  A fire dragon (Lair:5)
  2 hydras
  A boulder beetle (Lair:3)
  Erica (D:11)
  A death yak (Lair:5)
  An orc high priest (Orc:2)
  A swamp dragon (Lair:5)
  An orc sorcerer (Orc:2)
  An oklob plant (Lair:3)
  A manticore (Lair:5)
  5 elephants (Lair:5)
  4 cane toads
  A rime drake (Lair:4)
  2 komodo dragons
  A polar bear (Lair:4)
  A blink frog (Lair:5)
  2 dream sheep (Lair:5)
  A yak (Lair:3)
  A wyvern (Lair:5)
  A wraith (D:11)
  2 steam dragons
  A basilisk (Lair:5)
  A vampire mosquito (D:10)
  A water moccasin (Lair:5)
  13 orc warriors
  4 wolves
  2 ogres
  2 wights (D:9)
  An electric eel (D:10)
  3 orc priests (Orc:2)
  5 orc wizards
  A gnoll (Orc:2)
  12 orcs
  A plant (Lair:3)
80 creatures vanquished.

Vanquished Creatures (others)
  An iguana (Lair:5)
  An ancestor (D:10)
  11 hexers
  An orc wizard (Orc:2)
  A gnoll (D:6)
  11 fungi
  50 plants
76 creatures vanquished.

Grand Total: 671 creatures vanquished

Notes
Turn   | Place    | Note
-------+----------+-------------------------------------------
     0 | D:1      | Artool the Demonspawn Gladiator began the quest for the
                  | Orb.
     0 | D:1      | Reached XP level 1. HP: 16/16 MP: 1/1
   204 | D:1      | Found a faded altar of an unknown god.
   537 | D:1      | Gained mutation: You are partially covered in razor-sharp
                  | scales. (AC +1, Slay +1) [demonic ancestry]
   537 | D:1      | Reached XP level 2. HP: 16/22 MP: 2/2
  1680 | D:2      | Reached skill level 1 in Armour
  1741 | D:2      | Identified the +7 ring mail "Waewoyla" {rPois SInv}
  1794 | D:2      | Noticed Robin
  1796 | D:2      | Reached XP level 3. HP: 28/28 MP: 3/3
  1990 | D:2      | Killed Robin
  2256 | D:2      | Reached XP level 4. HP: 32/34 MP: 4/4
  2932 | D:3      | Reached skill level 3 in Fighting
  3314 | D:4      | Gained mutation: You have a pair of small horns on your
                  | head. [demonic ancestry]
  3314 | D:4      | Reached XP level 5. HP: 33/41 MP: 5/5
  3325 | D:4      | Found a glowing drain.
  3363 | Sewer    | Entered a sewer
  3792 | Sewer    | Gained mutation: You are mostly covered in razor-sharp
                  | scales. (AC +2, Slay +2) [demonic ancestry]
  3792 | Sewer    | Reached XP level 6. HP: 29/47 MP: 6/6
  4528 | D:5      | Entered Level 5 of the Dungeon
  4615 | D:5      | Reached skill level 4 in Fighting
  4917 | D:5      | Gained mutation: You regenerate magic rapidly. [demonic
                  | ancestry]
  4917 | D:5      | Reached XP level 7. HP: 50/54 MP: 7/7
  5439 | D:6      | Noticed Eustachio
  5488 | D:6      | Found Fyaryeg's Book Shoppe.
  5601 | D:6      | Noticed a hornet
  5603 | D:6      | Paralysed by a hornet for 3 turns
  5673 | D:6      | Paralysed by a hornet for 2 turns
  5683 | D:6      | Gained mutation: Your mind is acute. (Int +4, Str/Dex -1)
                  | [potion of mutation]
  5683 | D:6      | Gained mutation: You are clumsy. (Dex -2) [potion of
                  | mutation]
  5683 | D:6      | Gained mutation: You are occasionally teleported next to
                  | monsters. [potion of mutation]
  5691 | D:6      | Paralysed by a hornet for 1 turns
  5697 | D:6      | Killed a hornet
  5881 | D:6      | Noticed Pikel
  5913 | D:6      | Killed Pikel
  5914 | D:6      | Reached skill level 5 in Fighting
  5914 | D:6      | Reached skill level 5 in Maces & Flails
  5914 | D:6      | Reached skill level 5 in Armour
  5914 | D:6      | Reached skill level 5 in Dodging
  5914 | D:6      | Reached XP level 8. HP: 57/63 MP: 8/8
  6164 | D:6      | Noticed Grinder
  6177 | D:6      | Paralysed by Grinder for 5 turns
  6191 | D:6      | Killed Grinder
  6192 | D:6      | Reached skill level 6 in Fighting
  6401 | D:6      | Noticed Maggie
  6421 | D:6      | Gained mutation: You are partially covered in sharp spines.
                  | [demonic ancestry]
  6421 | D:6      | Reached XP level 9. HP: 67/70 MP: 9/9
  6439 | D:6      | Killed Maggie
  7063 | D:7      | Reached skill level 7 in Fighting
  7711 | D:7      | Found a staircase to the Ecumenical Temple.
  7719 | Temple   | Entered the Ecumenical Temple
  7774 | Temple   | Became a worshipper of Hepliaklqana the Forgotten
  7776 | Temple   | Lost mutation: Your mind is acute. (Int +4, Str/Dex -1)
                  | [potion of mutation]
  7776 | Temple   | Lost mutation: You are occasionally teleported next to
                  | monsters. [potion of mutation]
  7776 | Temple   | Lost mutation: You are clumsy. (Dex -2) [potion of
                  | mutation]
  7776 | Temple   | Gained mutation: Your muscles are strong. (Str +4, Int/Dex
                  | -1) [potion of mutation]
  7776 | Temple   | Gained mutation: You have a pair of horns on your head.
                  | [potion of mutation]
  8615 | D:8      | Found a runed translucent gate.
  8641 | D:8      | Reached skill level 8 in Fighting
  8644 | D:8      | Found a runed translucent gate.
  8644 | D:8      | Found a runed translucent gate.
  8679 | D:8      | Gained mutation: When hurt, damage is shared between your
                  | health and your magic reserves. [demonic ancestry]
  8679 | D:8      | Reached XP level 10. HP: 78/80 MP: 10/10
  8860 | D:8      | Noticed dvd2's ghost (novice HuBe)
  9144 | D:8      | Found Duqaduv's General Store.
  9154 | D:8      | Found a burning altar of Makhleb.
  9434 | D:9      | Noticed a two-headed ogre
  9446 | D:9      | Killed a two-headed ogre
  9559 | D:9      | Reached * piety under Hepliaklqana
  9665 | D:9      | Noticed a centaur warrior
  9678 | D:9      | Killed a centaur warrior
  9731 | D:9      | Reached skill level 9 in Fighting
  9758 | D:9      | Found an iron altar of Okawaru.
  9862 | D:9      | Noticed Prince Ribbit
  9875 | D:9      | Killed Prince Ribbit
 10244 | D:10     | Entered Level 10 of the Dungeon
 10386 | D:10     | Found a staircase to the Orcish Mines.
 10410 | D:10     | Noticed a gargoyle
 10425 | D:10     | Killed a gargoyle
 10426 | D:10     | Reached XP level 11. HP: 73/81 MP: 11/11
 10470 | D:10     | Found an opulent altar of Gozag.
 10514 | D:10     | Found a snail-covered altar of Cheibriados.
 11110 | D:10     | Reached skill level 10 in Fighting
 11327 | D:10     | Found a staircase to the Lair.
 11613 | D:10     | Found a sacrificial altar of Ru.
 11724 | D:11     | Reached ** piety under Hepliaklqana
 11725 | D:11     | Remembered your ancestor Zosia as a hexer
 11726 | D:11     | Noticed Erica
 11740 | D:11     | Killed Erica
 11869 | D:11     | Noticed a skeletal warrior
 11899 | D:11     | HP: 4/81 [skeletal warrior/+0 hand axe (3)]
 11903 | D:11     | Killed a skeletal warrior
 11927 | D:11     | Noticed a four-headed hydra
 11948 | D:11     | HP: 4/82 [four-headed hydra (5)]
 11953 | D:11     | HP: 4/82 [four-headed hydra (6)]
 11959 | D:11     | Killed a four-headed hydra
 12425 | D:11     | Noticed a two-headed ogre
 12436 | D:11     | Killed a two-headed ogre
 12437 | D:11     | Reached skill level 10 in Maces & Flails
 12535 | D:11     | Noticed a five-headed hydra
 12563 | D:11     | Killed a five-headed hydra
 12634 | D:11     | Noticed a boulder beetle
 12963 | Lair:1   | Entered Level 1 of the Lair of Beasts
 13169 | Lair:1   | Reached skill level 10 in Armour
 13429 | Lair:1   | Noticed a wolf spider
 13434 | Lair:1   | Reached skill level 11 in Fighting
 13453 | Lair:1   | Killed a wolf spider
 13835 | Lair:2   | Mutation became permanent: You have a pair of small horns
                  | on your head. [demonic ancestry]
 13835 | Lair:2   | Gained mutation: You have a pair of horns on your head.
                  | [demonic ancestry]
 13835 | Lair:2   | Reached XP level 12. HP: 82/90 MP: 10/12
 14084 | Lair:2   | Reached *** piety under Hepliaklqana
 14086 | Lair:2   | Found a staircase to the Swamp.
 14430 | Lair:2   | You are sucked into a shaft and drop 1 floor!
 14696 | Lair:2   | Noticed an eight-headed hydra
 14704 | Lair:2   | Killed an eight-headed hydra
 15274 | Lair:3   | Reached skill level 12 in Fighting
 15423 | Lair:3   | Noticed a boulder beetle
 15482 | Lair:3   | Killed a boulder beetle
 15571 | Lair:3   | Found a hole to the Spider Nest.
 15722 | Lair:3   | Reached **** piety under Hepliaklqana
 15938 | Lair:3   | Noticed a seven-headed hydra
 15954 | Lair:3   | Killed a seven-headed hydra
 16756 | Spider:1 | Entered Level 1 of the Spider Nest
 16904 | Lair:4   | Noticed a seven-headed hydra
 16914 | Lair:4   | Killed a seven-headed hydra
 17097 | Lair:4   | Gained mutation: You are mostly covered in sharp spines.
                  | [demonic ancestry]
 17097 | Lair:4   | Reached XP level 13. HP: 92/98 MP: 13/13
 17122 | Lair:4   | Identified the +5 war axe "Burchol" {venom, rC+ Will+ Int-3
                  | Stlth+}
 17302 | Lair:4   | Found a staircase to the Slime Pits.
 17848 | Lair:5   | Entered Level 5 of the Lair of Beasts
 17945 | Lair:5   | Reached skill level 13 in Fighting
 18649 | Lair:5   | Noticed a dire elephant
 18658 | Lair:5   | Killed a dire elephant
 18927 | Lair:5   | Identified the +6 chain mail "Tesodiz" {rPois Will- Slay+3
                  | Stlth+}
 18951 | Lair:5   | Reached skill level 14 in Fighting
 19397 | Lair:5   | Reached XP level 14. HP: 82/108 MP: 10/14
 20552 | Orc:1    | Entered Level 1 of the Orcish Mines
 20856 | Orc:1    | Reached ***** piety under Hepliaklqana
 20990 | Orc:1    | Noticed an orc warlord
 21003 | Orc:1    | Killed an orc warlord
 21003 | Orc:1    | HP: 2/108 [troll[an orc warlord] (4)]
 21501 | Orc:2    | Entered Level 2 of the Orcish Mines
 21509 | Orc:2    | Paralysed by an orc sorcerer for 5 turns
 21639 | Orc:2    | Found a staircase to the Elven Halls.
 21754 | Orc:2    | Noticed an orc warlord
 22188 | Orc:2    | Killed an orc warlord
 23185 | Orc:2    | Reached skill level 15 in Fighting
 23240 | Orc:2    | HP: 4/110 [sun demon[an orc high priest] (16)]
 23240 | Orc:2    | Killed from afar by an orc high priest

Illustrated notes

Levels and vault maps discovered:
D:1:      tarquinn_simple_flora_water_a, layout_loops_corners,
          ebering_ecumenical_altar_box
D:2:      layout_basic, minmay_pentomino_pile, uniq_robin
D:3:      layout_basic, nicolae_elyvilon_temple_path, minmay_misc_feat_enclosed
D:4:      layout_basic, portal_sewer_entry_e
D:5:      layout_loops_cross, nicolae_titane
D:6:      layout_loops_cross, old_standard_altar, serial_shops,
          nicolae_shop_trees, minmay_manual_mail, uniq_grinder, uniq_maggie,
          uniq_pikel, uniq_eustachio
D:7:      layout_basic, minmay_temple_entry_grid, roderic_roman_lattice
D:8:      layout_basic, bloody_makhleb, gammafunk_ghost_icy, serial_shops, shop
D:9:      layout_basic, chequers_temple_overflow_statue_of_worship,
          uniq_prince_ribbit1
D:10:     layout_rooms, amcnicky_altar_gilded, mainiacjoe_overflow_tiny_flanked,
          mainiacjoe_overflow_chevrons, erik_lair_island, david_orc_3,
          grunt_ministairs_8, minmay_misc_feat_four_crosses
D:11:     layout_stronghold, uniq_erica
Temple:   eino_temple_water
Lair:1:   layout_regular_city, nicolae_lair_run_with_the_wolves
Lair:2:   layout_loops_ring, skrybe_swamp_entry_bodies
Lair:3:   wad_woods_structure_01, layout_big_grid,
          nicolae_spider_entry_non_spiders
Lair:4:   layout_loops_ring, slime_entry_1, minivault_19,
          cheibrodos_lair_lostbears
Lair:5:   guppyfry_lair_end_dragon, layout_long_grid, hangedman_lair_in_review
Spider:1: layout_cave_pods, nicolae_spider_claw_tunnel, uniq_mlioglotl,
          uniq_nikola
Orc:1:    layout_diamond_mine
Orc:2:    st_orc_congregation, layout_caves, bh_open_orc_temple

Skill      XL: |  1  2  3  4  5  6  7  8  9 10 11 12 13 14 |
---------------+-------------------------------------------+-----
Maces & Flails | 3 4 5 6 7 9 10 11 13 14 | 14.0
Dodging        | 3 4 5 |  5.0
Armour         | 1 2 3 5 7 8 10 11 13 | 13.9
Fighting       | 3 4 5 6 8 9 11 12 14 15 | 15.0
Throwing       | |  1.7

Action                   |  1- 3 |  4- 6 |  7- 9 | 10-12 | 13-15 || total
-------------------------+-------+-------+-------+-------+-------++-------
Melee: Whip              |   178 |   292 |   373 |   755 |       ||  1598
       Punch             |     3 |     5 |     5 |    17 |    10 ||    40
       Headbutt          |       |    36 |    75 |   247 |   111 ||   469
       War axe           |       |       |       |       |   393 ||   393
Throw: Dart              |       |       |    11 |     9 |     6 ||    26
       Throwing net      |       |       |     3 |     1 |       ||     4
       Javelin           |       |       |     1 |     1 |       ||     2
Invok: Ancestor Identity |       |       |       |     1 |       ||     1
       Recall Ancestor   |       |       |       |     3 |       ||     3
       Ancestor Life: He |       |       |       |     1 |       ||     1
  Use: Scroll            |       |     4 |     8 |     6 |     2 ||    20
       Potion            |       |       |    13 |     3 |     1 ||    17
 Stab: Sleeping          |     1 |       |       |       |     1 ||     2
       Confused          |       |       |       |     7 |    10 ||    17
       Distracted        |       |       |       |     4 |    12 ||    16
       Petrified         |       |       |       |       |     3 ||     3
       Petrifying        |       |       |       |       |     1 ||     1
Armor: Leather armour    |    44 |       |       |       |       ||    44
       Ring mail         |    47 |   127 |   141 |   205 |   159 ||   679
       Chain mail        |       |       |       |       |    93 ||    93
Dodge: Dodged            |   141 |   260 |   237 |   345 |   336 ||  1319
